 Dungeon Crawl Stone Soup version 0.25-a0-516-g7d600cd9ad (webtiles) character file.

Game seed: 12920536471320203260, levelgen mode: deterministic

18 Conn the Stinger (level 2, -1/23 HPs)
             Began as a Hill Orc Venom Mage on Feb 17, 2020.
             Slain by an adder (2 damage)
             ... on level 2 of the Dungeon.
             The game lasted 00:05:56 (972 turns).

Conn the Stinger (Hill Orc Venom Mage)               Turns: 972, Time: 00:05:57

Health: -1/23      AC:  3    Str: 10    XL:     2   Next: 70%
Magic:  1/4        EV: 11    Int: 15    God:
Gold:   37         SH:  3    Dex: 11    Spells: 3/4 levels left

rFire    + + .     SeeInvis .   f - +0 mace
rCold    x . .     Gourm    +   i - +0 buckler {rF+}
rNeg     . . .     Faith    .   a - +0 robe
rPois    .         Spirit   .   (no helmet)
rElec    .         Reflect  .   (no cloak)
rCorr    .         Harm     .   (no gloves)
MR       .....                  b - +0 pair of boots (curse)
Stlth    ++........             k - amulet of the gourmand
HPRegen  0.07/turn              d - ring of fire
MPRegen  0.09/turn              (no ring)

@: lethally poisoned (-1 -> -14), flying, very slightly contaminated, hasted,
very quick
A: no striking features
a: no special abilities


You were on level 2 of the Dungeon.
You were not hungry.

You visited 1 branch of the dungeon, and saw 2 of its levels.

You collected 37 gold pieces.

Inventory:

Hand Weapons
 f - a +0 mace (weapon)
Missiles
 e - 10 poisoned darts (quivered)
Armour
 a - a +0 robe (worn)
 b - a cursed +0 pair of boots (worn)
 i - a +0 buckler of fire resistance (worn)
Jewellery
 d - a ring of fire (left hand)
 k - an amulet of the gourmand (around neck)
Potions
 g - a potion of flight
 j - a potion of lignification {unknown}
Comestibles
 c - 2 rations


   Skills:
 * Level 1.3 Fighting
 + Level 1.7 Dodging
 + Level 1.6 Stealth
 - Level 1.5 Spellcasting
 - Level 0.6 Transmutations
 * Level 3.2 Poison Magic


You had 3 spell levels left.
You knew the following spells:

 Your Spells              Type           Power        Failure   Level  Hunger
a - Sting                 Tmut/Pois      #...         19%         1    ##.....

Your spell library contained the following spells:

 Spells                   Type           Power        Failure   Level  Hunger
 Poisonous Vapours        Pois/Air       #.....       30%         2    ###....
 Ignite Poison            Fire/Tmut/Pois #.......     56%         3    ####...
 Mephitic Cloud           Conj/Pois/Air  #.......     58%         3    ####...
 Olgreb's Toxic Radiance  Pois           ##......     71%         4    #####..


Dungeon Overview and Level Annotations

Branches:
Dungeon (2/15)

Altars:


Message History

You are poisoned.
The adder poisons you! The adder bites you.
You are lethally poisoned!
The adder poisons you!
You feel sick.
You feel sick.
* * * LOW HITPOINT WARNING * * *
You feel sick. The adder bites you.
* * * LOW HITPOINT WARNING * * *
You are more poisoned.
The adder poisons you!
It was a potion of flight.
You feel very buoyant.
You fly up into the air.
* * * LOW HITPOINT WARNING * * *
You feel sick.
The adder looks more healthy.
The adder barely misses you.
It was a potion of haste.
You feel yourself speed up.
* * * LOW HITPOINT WARNING * * *
You feel sick. The adder bites you.
You die...

### .. ..
#.# .#
#.##.##.#
#.#...#.#
#.......#
#.......#
#.......#
#.......#
#....@..#
#<#.S.##.###
#.#.### #..
#.##.###.#
#.###†#.#
..# ##..#
### #..#
#).# #..#


You could see an adder.

Vanquished Creatures
  A dart slug (D:1)
  A leopard gecko (D:2)
  A giant cockroach (D:1)
  A goblin (D:1)
  A hobgoblin (D:1)
  3 jackals (D:2)
  4 bats (D:1)
  A frilled lizard (D:1)
  2 rats
15 creatures vanquished.

Notes
Turn   | Place    | Note
-------+----------+-------------------------------------------
     0 | D:1      | Conn the Hill Orc Venom Mage began the quest for the Orb.
     0 | D:1      | Reached XP level 1. HP: 14/14 MP: 3/3
   109 | D:1      | Reached skill level 3 in Poison Magic
   222 | D:1      | Reached XP level 2. HP: 12/20 MP: 2/4
   950 | D:2      | Reached skill level 1 in Fighting
   972 | D:2      | HP: 1/23 [poisoned by an adder]
   972 | D:2      | Slain by an adder

Levels and vault maps discovered:
D:1:      dpeg_arrival_simpleton_c, layout_loops_ring
D:2:      layout_loops_ring, first_ration, roderic_serpentine_path,
          kennysheep_generic_room_8, uniq_sigmund, uniq_terence

Skill      XL: |  1  2 |
---------------+-------+-----
Poison Magic   | 3 |  3.2
Fighting       | 1 |  1.3
Dodging        | |  1.7
Stealth        | |  1.6
Spellcasting   | |  1.5
Transmutations | |  0.6

Action                   || total
-------------------------++-------
Melee: Mace              ||    26
       Unarmed           ||     1
 Cast: Sting             ||    16
  Use: Potion            ||     2
  Eat: Chunk             ||     1
Armor: Robe              ||    16
Dodge: Dodged            ||    41
Block: Buckler           ||     2

Table legend:
 A = Non-vault XP
 B = Vault XP
 C = Vault XP percentage of total XP
 D = Non-vault monster count
 E = Vault monster count
 F = Vault count percentage of total count
                 A         B        C        D         E       F
            +---------+---------+-------+---------+---------+-------
      Total |      27 |       0 |   0.0 |      15 |       0 |   0.0
            +---------+---------+-------+---------+---------+-------
        D:1 |      17 |       0 |   0.0 |      10 |       0 |   0.0
        D:2 |      10 |       0 |   0.0 |       5 |       0 |   0.0
            +---------+---------+-------+---------+---------+-------
